 Dungeon Crawl Stone Soup version 0.27.1 (webtiles) character file.

Game seed: 5501874814258113953

21 Descartes the Sneak (level 2, 0/11 HPs)
             Began as a Felid Wanderer on Aug 25, 2021.
             Succumbed to an adder's poison
             ... on level 1 of the Dungeon.
             The game lasted 00:02:30 (1617 turns).

Descartes the Sneak (Felid Wanderer)                Turns: 1617, Time: 00:02:31

Health: 0/11       AC:  1    Str:  5    XL:     2   Next: 62%
Magic:  6/6        EV: 19    Int: 13    God:
Gold:   38         SH:  0    Dex: 18    Spells: 4/5 levels left
                                        Lives:  0   Deaths: 0

rFire    . . .     SeeInvis +     - Unarmed
rCold    . . .     Faith    .   (shield unavailable)
rNeg     . . .     Spirit   .   (armour unavailable)
rPois    .         Reflect  .   (helmet unavailable)
rElec    .         Harm     .   (cloak unavailable)
rCorr    .         Rampage  .   (gloves unavailable)
Will     .....                  (boots unavailable)
Stlth    +++.......             (no amulet)
HPRegen  0.03/turn              (no ring)
MPRegen  0.10/turn              (no ring)

@: lethally poisoned (0 -> -2), quick
A: very small, claws 1, fangs 3, see invisible, speed 1, shaggy fur 1, stealthy
paws, no weapons or thrown items, no armour, multi-lived
a: no special abilities


You were on level 1 of the Dungeon.
You visited 1 branch of the dungeon, and saw 2 of its levels.

You collected 38 gold pieces.

Inventory:

Scrolls
 b - a scroll of teleportation
 c - a scroll of brand weapon {unknown}
 e - a scroll of vulnerability {unknown}
Potions
 a - a potion of curing
 d - a potion of heal wounds {unknown}
 f - a potion of might {unknown}
 g - a potion of magic {unknown}


   Skills:
 + Level 4.3 Dodging
 * Level 4.5 Stealth
 + Level 1.3 Unarmed Combat
 - Level 2.0 Spellcasting
 + Level 0.4 Conjurations
 + Level 2.0 Translocations


You had 4 spell levels left.
You knew the following spells:

 Your Spells              Type           Power      Damage    Failure   Level
a - Magic Dart            Conj           8%         1d3       22%         1

Your spell library contained the following spells:

 Spells                   Type           Power      Damage    Failure   Level
 Blink                    Tloc           N/A        N/A       16%         2
 Call Imp                 Summ           1%         N/A       36%         2
 Slow                     Hex            1%         N/A       36%         2
 Conjure Flame            Conj/Fire      1%         6-21      56%         3
 Mephitic Cloud           Conj/Pois/Air  1%         N/A       58%         3


Dungeon Overview and Level Annotations

Branches:
Dungeon (2/15)

Altars:


Innate Abilities, Weirdness & Mutations

You have sharp claws.
You have razor-sharp teeth.
You have supernaturally acute eyesight. (SInv)
You cover ground quickly. (Speed+)
You are covered in fur. (AC +1)
Your paws help you pounce on unaware monsters.
You are incapable of wielding weapons or throwing items.
You cannot wear armour.
You gain extra lives every three experience levels.


Message History

There is an open door here.
Done exploring.
Done exploring.
There is an open door here.
There is an open door here.
There is a stone staircase leading down here.
You climb downwards.
Found a stone staircase leading down.
There is a stone staircase leading up here.
An adder comes into view.
The adder hisses angrily.
You miss the adder. The adder barely misses you.
You scratch the adder.
The adder is lightly wounded.
The adder bites you.
You are poisoned.
The adder poisons you!
You miss the adder.
The adder is lightly wounded.
You feel sick. The adder completely misses you.
You are too injured to fight recklessly!
You are too injured to fight recklessly!
You are too injured to fight recklessly!
You are too injured to fight recklessly!
You are too injured to fight recklessly!
You are too injured to fight recklessly!
You are too injured to fight recklessly!
You are too injured to fight recklessly!
You are too injured to fight recklessly!
You are too injured to fight recklessly!
You are too injured to fight recklessly!
You are too injured to fight recklessly!
You feel sick.
There is a stone staircase leading up here.
* * * LOW HITPOINT WARNING * * *
You feel sick. The adder bites you.
* * * LOW HITPOINT WARNING * * *
The adder completely misses you.
You climb upwards.
You die...

############# #...........#
#.#####.###.# #.# #.#.#.#
##########.#####..÷..#
#....................#
#.######.#.#####.....#########
#.# ####.#.# #@S...........# #.#
#....#.#####.#.#########.#
#.###..#.#.......#.# #.#
#........#########'#### #.####
#..##.#..# ##...#.#######...#
#..#.###.# ##...(..#.....#...#
#...#.#..## ##.......#......#..#
##.###†#..####........##'###.#...
#.†#.##.....'........#..._#.#...


You could see an adder.

Vanquished Creatures
  An endoplasm (D:1)
  4 giant cockroaches (D:1)
  A goblin (D:1)
  A hobgoblin (D:1)
  3 ball pythons (D:1)
  3 bats (D:1)
  2 frilled lizards (D:1)
  2 kobolds (D:1)
  3 rats (D:1)
20 creatures vanquished.

Notes
Turn   | Place    | Note
-------+----------+-------------------------------------------
     0 | D:1      | Descartes the Felid Wanderer began the quest for the Orb.
     0 | D:1      | Descartes set off with the following items: a potion of
                  | curing, a scroll of teleportation; and the following spell
                  | memorised: Magic Dart; and the following spells available
                  | to memorise: Blink, Call Imp, Slow, Conjure Flame, Mephitic
                  | Cloud
     0 | D:1      | Reached XP level 1. HP: 7/7 MP: 4/4
   821 | D:1      | Reached XP level 2. HP: 11/11 MP: 6/6
  1211 | D:1      | Found a faded altar of an unknown god.
  1617 | D:1      | Succumbed to an adder's poison

Illustrated notes

Levels and vault maps discovered:
D:1:      scummos_arrival_checkerplants, layout_loops_corners,
          shapermc_ecumenical_altar_mp_vishouse, serial_forest,
          infiniplex_forest_end_2, infiniplex_forest_straight_5,
          infiniplex_forest_lined_room_2, infiniplex_forest_clump_small,
          minmay_tripent
D:2:      layout_basic, serial_shops, nicolae_shop_crystal, uniq_robin

Skill      XL: |  1  2 |
---------------+-------+-----
Translocations | 2 |  2.0
Dodging        | |  4.3
Stealth        | |  4.5
Unarmed Combat | |  1.3
Spellcasting   | |  2.0
Conjurations   | |  0.4

Action                   || total
-------------------------++-------
Melee: Unarmed           ||    54
       Bite              ||     2
 Stab: Sleeping          ||     8
       Distracted        ||     1
Armor: Skin              ||     7
Dodge: Dodged            ||    50
